 Dungeon Crawl Stone Soup version 0.29.1-1-gd02db6906a (webtiles) character file.

Game seed: 3965032794472212881

145720 groovy9 the Marksant (level 18, -27/121 HPs)
             Began as a Formicid Hunter on Sept 17, 2022.
             Was the Champion of Hepliaklqana.
             Killed by the raging water
             ... invoked by a water nymph
              (28 damage)
             ... on level 4 of the Shoals.
             The game lasted 02:23:16 (30381 turns).

groovy9 the Marksant (Formicid Hunter)             Turns: 30381, Time: 02:23:17

Health: -27/121    AC: 16    Str: 20    XL:     18   Next: 5%
Magic:  22/25      EV: 22    Int:  6    God:    Hepliaklqana [******]
Gold:   1497       SH:  5    Dex: 33    Spells: 15/22 levels left

rFire   + + .      SeeInvis +   b - +3 hand crossbow (flame)
rCold   . . .      Faith    .   o - orb {mayhem}
rNeg    . . .      Spirit   .   T - +2 ring mail "Jehun" {rF++ rCorr Int-4 Dex+4}
rPois   .          Reflect  +   (helmet unavailable)
rElec   +          Harm     .   g - +1 cloak
rCorr   +          Rampage  .   s - +0 pair of gloves
Will    +....                   A - +0 pair of boots
Stlth   ++++......              O - amulet of reflection
HPRegen 0.30/turn               C - +6 ring of dexterity
MPRegen 0.19/turn               l - ring of Sloth {Fly rElec Str+3}

@: ice-armoured, wereblooded, flying, studying Earth Magic
A: reduced essence, permanent stasis, dig shafts and tunnels, antennae 3, four
strong arms
a: Dig, Shaft Self, Renounce Religion, Recall Ancestor, Ancestor Identity,
Transference, Idealise


You were on level 4 of the Shoals.
You worshipped Hepliaklqana.
Hepliaklqana was exalted by your worship.
You visited 5 branches of the dungeon, and saw 26 of its levels.
You also visited: Volcano.

You collected 4357 gold pieces.
You spent 2860 gold pieces at shops.

Inventory:

Hand Weapons
 a - the +6 arbalest "Damnation" {damnation}
   (You bought it in a shop on level 2 of the Orcish Mines)

   Any ammunition fired from it explodes in a burst of damnation on striking a
   foe, dealing damage which bypasses armour.
 b - a +3 hand crossbow of flaming (weapon)
 K - a +3 longbow of freezing
Missiles
 F - 8 throwing nets
 H - 6 curare-tipped darts
Armour
 g - a +1 cloak (worn)
 o - an orb of mayhem (worn)
 s - a +0 pair of gloves (worn)
 u - an orb of light
 A - a +0 pair of boots (worn)
 T - the +2 ring mail "Jehun" (worn) {rF++ rCorr Int-4 Dex+4}
   (You found it on level 12 of the Dungeon)

   Int:       It affects your intelligence (-4).
   Dex:       It affects your dexterity (+4).
   rF:        It greatly protects you from fire.
   rCorr:     It protects you from acid and corrosion.
Jewellery
 d - a ring of resist corrosion
 l - the ring of Sloth (right hand) {Fly rElec Str+3}
   (You acquired it on level 12 of the Dungeon)

   [ring of flight]

   Str:       It affects your strength (+3).
   rElec:     It insulates you from electricity.
   Fly:       It grants you flight.
 n - the amulet of Seohat {Acrobat rF++}
   (You found it on level 4 of the Dungeon)

   [amulet of the acrobat]

   It increases your evasion while moving and waiting.
   rF:        It greatly protects you from fire.
 v - a ring of magical power
 C - a +6 ring of dexterity (left hand)
 I - a ring of protection from cold
 O - an amulet of reflection (around neck)
 Q - a ring of flight
 U - a ring of positive energy
Wands
 q - a wand of iceblast (25)
 x - a wand of polymorph (14)
 y - a wand of flame (38)
 B - a wand of digging (7)
 L - a wand of paralysis (5)
Scrolls
 f - a scroll of silence
 i - 4 scrolls of poison
 j - 3 scrolls of amnesia
 k - 6 scrolls of enchant armour
 p - 2 scrolls of vulnerability
 t - 2 scrolls of magic mapping
 J - a scroll of enchant weapon
 N - a scroll of butterflies
 R - 2 scrolls of noise
 S - 3 scrolls of torment
 Y - 3 scrolls of immolation
Potions
 c - 3 potions of lignification
 e - 5 potions of flight
 h - 3 potions of degeneration
 m - 5 potions of mutation
 r - 2 potions of ambrosia
 w - 4 potions of might
 z - 5 potions of attraction
 D - 7 potions of curing
 E - 7 potions of brilliance
 G - 3 potions of magic
 M - a potion of resistance
 P - 3 potions of cancellation
 V - a potion of heal wounds
Miscellaneous
 X - a lightning rod (4/4)
 Z - a phial of floods


   Skills:
 + Level 10.2 Fighting
 + Level 18.2 Ranged Weapons
 + Level 9.6 Armour
 + Level 9.7 Dodging
 + Level 6.6 Stealth
 + Level 14.4 Shields
 - Level 2.9 Spellcasting
 * Level 5.8 Transmutations
 * Level 6.4 Ice Magic
 - Level 8.9 Earth Magic
 - Level 10.0 Invocations
 - Level 10.0 Evocations


You had 15 spell levels left.
You knew the following spells:

 Your Spells              Type           Power      Damage    Failure   Level
a - Ozocubu's Armour      Ice            8%         N/A       12%         3
b - Passwall              Tmut/Erth      7%         N/A       4%          2
c - Wereblood             Tmut           7%         N/A       8%          2

Your spell library contained the following spells:

 Spells                   Type           Power      Damage    Failure   Level
 Sandblast                Erth           22%        2d7       1%          1
 Beastly Appendage        Tmut           14%        N/A       5%          1
 Sting                    Tmut/Pois      16%        1d3       17%         1
 Stone Arrow              Conj/Erth      12%        3d7       26%         3
 Lee's Rapid Deconstruct  Erth           5%         3d7*      36%         5
 Spider Form              Tmut/Pois      4%         N/A       45%         3
 Foxfire                  Conj/Fire      0%         2x1d4     50%         1
 Shock                    Conj/Air       0%         1d3       50%         1
 Blade Hands              Tmut           3%         N/A       82%         5
 Conjure Flame            Conj/Fire      0%         6-21      86%         3
 Inner Flame              Hex/Fire       0%         N/A       86%         3
 Airstrike                Air            0%         2d(0-16)  99%         4
 Cause Fear               Hex            0%         N/A       99%         4
 Corpse Rot               Necr/Pois/Air  0%         N/A       99%         4
 Dispel Undead            Necr           0%         3d6       99%         4
 Flame Wave               Conj/Fire      0%         2d4       99%         4
 Fulminant Prism          Conj/Hex       0%         3d6       99%         4
 Iskenderun's Mystic Bla  Conj/Tloc      0%         2d3       99%         4
 Olgreb's Toxic Radiance  Pois           0%         N/A       99%         4
 Passage of Golubria      Tloc           0%         N/A       99%         4
 Summon Lightning Spire   Summ/Air       0%         N/A       99%         4
 Irradiate                Conj/Tmut      2%         3d12      99%         5
 Fireball                 Conj/Fire      0%         3d3       100%        5
 Freezing Cloud           Conj/Ice/Air   1%         6-21      100%        5
 Silence                  Hex/Air        0%         N/A       100%        5
 Death Channel            Necr           0%         N/A       100%        6
 Starburst                Conj/Fire      0%         6d3       100%        6
 Dragon Form              Tmut           3%         N/A       100%        7
 Ozocubu's Refrigeration  Ice            4%         4d8       100%        7
 Discord                  Hex            0%         N/A       100%        8
 Ignition                 Fire           0%         3d3       100%        8
 Lehudib's Crystal Spear  Conj/Erth      3%         10d2      100%        8
 Chain Lightning          Conj/Air       0%         N/A       100%        9
 Swiftness                Air            Unusable   N/A       N/A         3

Dungeon Overview and Level Annotations

Branches:
Dungeon (14/15)            Temple (1/1) D:5            Lair (5/5) D:11
 Shoals (4/4) Lair:2       Spider (0/4) Lair:3        Slime (0/5) Lair:4
    Orc (2/2) D:9             Elf (0/3) Orc:2        Vaults (0/5) D:13
Volcano (visited)

Altars:
Ashenzari
Cheibriados
Dithmenos
Elyvilon
Fedhas
Gozag
Hepliaklqana
Kikubaaqudgha
Makhleb
Nemelex Xobeh
Okawaru
Qazlal
Ru
Sif Muna
Trog
Uskayaw
Vehumet
Wu Jian
Xom
Yredelemnul
Zin
The Shining One
Jiyva
Lugonu

Shops:
D:6 [   D:12 *   Orc:2 (:?!

Portals:
Abyss: Lair:5


Innate Abilities, Weirdness & Mutations

Your life essence is reduced to manifest your ancestor. (-10% HP)
You cannot be hasted, slowed, berserked, paralysed or teleported.
You can dig through walls and to a lower floor.
You have a pair of large antennae on your head. (SInv)
Your four strong arms can wield two-handed weapons with a shield.


Message History

Aim: a merfolk, wielding a +0 trident (almost dead, 77% to hit)
You shoot a bolt.
The bolt barely misses the water elemental.
The bolt hits the merfolk!!
The bolt burns the merfolk.
You kill the merfolk!
You hear a splash.
You block the water elemental's attack.
The merfolk javelineer throws a silver javelin.
The silver javelin pierces through you!
You block the merfolk aquamancer's attack.
The merfolk misses you. The water elemental barely misses you.
Fire: b) +3 hand crossbow (flame)
Press: ? - help, Q - select action, (/) - cycle Shift-Dir - straight line, f - water elemental
Aim: a water elemental (85% to hit)
Okay, then.
Fire: b) +3 hand crossbow (flame)
Press: ? - help, Q - select action, (/) - cycle Shift-Dir - straight line, f - merfolk
Aim: a merfolk, wielding a +2 trident of flaming and quivering boomerangs (heavily wounded, 77% to hit)
You shoot a bolt. The bolt hits the merfolk!!!
The bolt burns the merfolk.
You kill the merfolk!
You hear a splash. x2
The merfolk aquamancer barely misses you.
The merfolk throws a boomerang.
The boomerang hits you!
The merfolk javelineer throws a silver javelin.
The silver javelin pierces through you but does no damage.
The silver javelin closely misses the merfolk aquamancer.
You block the water elemental's attack.
Fire: b) +3 hand crossbow (flame)
Press: ? - help, Q - select action, (/) - cycle Shift-Dir - straight line, f - merfolk
Aim: a merfolk, wielding a +0 trident and quivering boomerangs (heavily wounded, 77% to hit)
You shoot a bolt. The bolt hits the merfolk!
The bolt burns the merfolk.
The merfolk is almost dead.
The merfolk aquamancer casts a spell at you.
The shard of ice hits you!!!
* * * LOW HITPOINT WARNING * * *
The merfolk throws a boomerang.
The boomerang hits you.
* * * LOW HITPOINT WARNING * * *
The water nymph gestures at you while chanting.
The water rises up and strikes you!!
You die...

~...............
~~~~~~[...............
~~~~~~~...#####....~~~
~~~~~~..##...##...~~~
~~~)~..#....†#...~~~ ###
#~~~..#..).)'...~~~
##~~~ #)~~$#....~#~~~~~~
#.~~))#Em~.##..~##~~~~~≈
#.~φm)'@m~~.##'##~~~~~≈≈
#.~~~m#≈≈~~~~~~≈~~≈≈≈≈≈≈
##)~~ #≈≈≈≈≈≈≈≈≈≈≈≈≈≈≈≈≈
### #≈≈≈≈≈≈≈≈≈≈≈≈≈≈≈≈≈≈
≈≈≈≈≈≈≈≈≈≈≈≈≈≈≈≈≈≈≈≈
≈≈≈≈≈≈≈≈≈≈≈≈≈≈≈≈≈≈≈≈≈
≈≈≈≈≈≈≈≈≈≈≈≈≈≈≈≈≈≈≈≈
≈≈≈≈≈≈≈≈≈≈≈≈≈≈≈≈≈≈≈≈
################


You could see a merfolk javelineer, a merfolk aquamancer, a merfolk, a water
elemental and a water nymph.

Vanquished Creatures
  A kraken (Shoals:2)
  3 merfolk javelineers
  A merfolk impaler (Shoals:4)
  2 hydras
  A vault guard (D:13)
  6 boulder beetles
  2 ogre magi (Orc:2)
  A merfolk aquamancer (Shoals:3)
  A death knight (D:14)
  3 centaur warriors
  8 two-headed ogres
  A satyr (Shoals:2)
  The ghost of Arctor the Grappler, a novice DrTm of Okawaru (D:10)
  10 death yaks (Lair:5)
  An orc high priest (Orc:2)
  3 thrashing horrors (Lair:5)
  Amaemon (Lair:2)
  3 skeletal warriors
  8 sea snakes
  3 lindwurms
  5 cyclopes
  A deep elf pyromancer (D:13)
  An orc sorcerer (Orc:1)
  14 harpies
  10 manticores
  4 ugly things
  17 fauns
  2 black mambas
  3 elephants
  5 merfolk sirens
  Maurice (D:8)
  A toenail golem (Volcano)
  5 water nymphs
  3 gargoyles
  2 molten gargoyles (Volcano)
  An orange demon (Lair:2)
  2 smoke demons (Lair:5)
  4 cane toads
  2 kobold demonologists
  2 rime drakes (Lair:5)
  7 komodo dragons
  An unseen horror (D:12)
  3 tengu conjurers (D:14)
  2 efreet (Volcano)
  6 trolls
  A troll (shapeshifter) (D:13)
  15 merfolk
  A polar bear (Lair:3)
  2 wind drakes
  11 slime creatures
  A hornet (shapeshifter) (D:13)
  A blink frog (shapeshifter) (D:13)
  4 snapping turtles
  6 dream sheep
  28 blink frogs (Lair:5)
  2 large abominations (Lair:5)
  Sigmund (D:2)
  4 spriggans
  A shadow (D:10)
  5 wyverns
  A vampire (D:10)
  3 wraiths
  21 yaks
  8 fire elementals
  5 water elementals
  4 basilisks
  5 vampire mosquitoes
  3 chaos spawn (Lair:5)
  2 wargs
  9 water moccasins
  2 acid dragons
  10 orc warriors
  2 ice beasts (D:7)
  A black bear (D:4)
  5 wolves
  12 centaurs
  15 ogres
  16 kobold brigands
  An earth elemental (Volcano)
  8 bullfrogs
  4 necrophages
  5 scorpions
  A gnoll sergeant (D:10)
  8 wights
  5 small abominations (Lair:5)
  10 killer bees
  2 howler monkeys (D:11)
  9 electric eels
  3 hounds
  6 jellies
  6 orc priests
  2 gnoll boudas
  Terence (D:2)
  2 iguanas
  Natasha (thrice) (D:4)
  5 orc wizards
  Ijyb (D:5)
  27 gnolls
  11 adders
  3 ufetubi (D:5)
  A worm (D:4)
  15 orcs
  6 ball pythons
  11 bats
  20 endoplasms
  3 giant cockroaches
  6 goblins
  2 hobgoblins (D:2)
  4 jackals (D:4)
  23 kobolds
  5 quokkas
  3 frilled lizards
  3 rats
  A fire vortex (Volcano)
  A tentacle (Shoals:2)
598 creatures vanquished.

Vanquished Creatures (collateral kills)
  Azrael (Orc:2)
  2 merfolk impalers
  2 hydras (D:13)
  A boulder beetle (Lair:2)
  A catoblepas (Lair:3)
  A merfolk avatar (Shoals:3)
  An ogre mage (Orc:2)
  A centaur warrior (D:14)
  A satyr (Shoals:3)
  7 two-headed ogres
  5 death yaks (Lair:5)
  3 skeletal warriors (D:13)
  5 sea snakes
  2 harpies (Shoals:1)
  A phantasmal warrior (D:14)
  2 manticores
  5 fauns
  4 cyclopes
  2 merfolk sirens
  A toenail golem (Volcano)
  2 elephants (Lair:4)
  A molten gargoyle (Volcano)
  5 komodo dragons
  2 cane toads
  An efreet (Volcano)
  2 trolls
  An ancient zyme (Lair:5)
  A polar bear (shapeshifter) (Lair:5)
  4 wind drakes
  A polar bear (Lair:5)
  4 slime creatures
  5 merfolk
  6 blink frogs (Lair:5)
  A snapping turtle (Shoals:4)
  6 dream sheep
  A shadow (D:10)
  A water elemental (Shoals:3)
  A wyvern (D:9)
  A fire elemental (Orc:2)
  10 yaks
  A vampire (D:10)
  2 small abominations (Lair:5)
  6 basilisks
  2 steam dragons
  2 vampire mosquitoes
  Menkaure (D:6)
  An acid dragon (D:11)
  2 hell hounds (Orc:2)
  3 water moccasins
  4 orc warriors
  A swamp drake (D:11)
  8 ogres
  2 centaurs
  7 wolves
  12 kobold brigands
  3 bullfrogs
  2 gnoll sergeants
  2 scorpions (D:11)
  8 wights
  4 killer bees
  An electric eel (Lair:3)
  A hound (D:6)
  5 orc priests
  2 iguanas
  5 orc wizards
  7 gnolls
  23 orcs
  A bat (D:11)
  13 kobolds
  A fire vortex (Volcano)
  2 tentacles (Shoals:2)
238 creatures vanquished.

Vanquished Creatures (others)
  A merfolk javelineer (Shoals:4)
  An ogre mage (Orc:2)
  A two-headed ogre (Orc:2)
  A merfolk aquamancer (Shoals:4)
  A harpy (Shoals:2)
  A merfolk (Shoals:3)
  A dream sheep (Shoals:2)
  A warg (Orc:2)
  A hell hound (Orc:2)
  An orc warrior (Orc:2)
  6 knights
  An orc priest (Orc:2)
  An ancestor (D:7)
  An orc (Orc:2)
  36 fungi
  64 plants
  3 tentacles (Shoals:2)
  5 toadstools (D:2)
127 creatures vanquished.

Grand Total: 963 creatures vanquished

Notes
Turn   | Place    | Note
-------+----------+-------------------------------------------
     0 | D:1      | groovy9 the Formicid Hunter began the quest for the Orb.
     0 | D:1      | Reached XP level 1. HP: 16/16 MP: 1/1
   134 | D:1      | Reached XP level 2. HP: 23/23 MP: 2/2
   782 | D:2      | Reached XP level 3. HP: 28/28 MP: 3/3
   787 | D:2      | Found a faded altar of an unknown god.
   939 | D:2      | Reached skill level 1 in Shields
  1047 | D:2      | Noticed Terence
  1055 | D:2      | Killed Terence
  1056 | D:2      | Reached XP level 4. HP: 28/34 MP: 4/4
  1139 | D:2      | Noticed a necrophage
  1155 | D:2      | Killed a necrophage
  1156 | D:2      | Reached skill level 5 in Ranged Weapons
  1156 | D:2      | Reached XP level 5. HP: 32/41 MP: 5/5
  1415 | D:2      | Noticed Sigmund
  1431 | D:2      | Killed Sigmund
  1432 | D:2      | Reached skill level 6 in Ranged Weapons
  1432 | D:2      | Reached XP level 6. HP: 21/48 MP: 6/6
  1927 | D:3      | Reached XP level 7. HP: 54/54 MP: 7/7
  2376 | D:3      | Found a snail-covered altar of Cheibriados.
  2812 | D:4      | Identified the amulet of Seohat {Acrobat rF++}
  2908 | D:4      | Noticed Natasha
  2923 | D:4      | Killed Natasha
  3600 | D:4      | Got Picwos Wosee's Grimoire of Poisonous Fog
  3605 | D:4      | Learned a level 3 spell: Ozocubu's Armour
  3647 | D:4      | Reached skill level 7 in Ranged Weapons
  3675 | D:4      | Noticed Natasha
  3678 | D:4      | Killed Natasha
  3679 | D:4      | Reached XP level 8. HP: 57/61 MP: 8/8
  3912 | D:4      | Reached skill level 5 in Fighting
  3912 | D:4      | Reached skill level 5 in Shields
  3912 | D:4      | Reached skill level 1 in Spellcasting
  3912 | D:4      | Reached skill level 1 in Ice Magic
  4037 | D:4      | Found a shimmering blue altar of Sif Muna.
  4162 | D:4      | Noticed Natasha
  4168 | D:4      | Killed Natasha
  4224 | D:5      | Entered Level 5 of the Dungeon
  4291 | D:5      | Reached skill level 14 in Ranged Weapons
  4291 | D:5      | Reached XP level 9. HP: 68/68 MP: 10/10
  4338 | D:5      | Found a staircase to the Ecumenical Temple.
  4343 | Temple   | Entered the Ecumenical Temple
  4350 | Temple   | Became a worshipper of Hepliaklqana the Forgotten
  4395 | D:5      | Noticed Ijyb
  4405 | D:5      | Killed Ijyb
  5830 | D:6      | Reached * piety under Hepliaklqana
  5836 | D:6      | Found Gawain's Dragon-Slaying Spoils.
  5958 | D:6      | Reached XP level 10. HP: 66/66 MP: 13/13
  6085 | D:6      | Learned a level 2 spell: Passwall
  6216 | D:6      | Noticed Menkaure
  6219 | D:6      | Killed Menkaure
  6624 | D:7      | Identified a scroll of acquirement
  6624 | D:7      | Acquired 782 gold pieces
  6654 | D:7      | Reached skill level 1 in Earth Magic
  6666 | D:7      | Reached skill level 1 in Transmutations
  7085 | D:7      | Reached ** piety under Hepliaklqana
  7086 | D:7      | Remembered your ancestor Dube as a knight
  8057 | D:8      | Reached XP level 11. HP: 73/73 MP: 15/15
  8124 | D:8      | Noticed Maurice
  8134 | D:8      | Killed Maurice
  8514 | D:8      | Found an ancient bone altar of Kikubaaqudgha.
  8725 | D:9      | Reached *** piety under Hepliaklqana
  9164 | D:9      | Found an iron altar of Okawaru.
  9279 | D:9      | Noticed a two-headed ogre
  9285 | D:9      | Killed a two-headed ogre
  9443 | D:9      | Found a staircase to the Orcish Mines.
  9936 | D:10     | Entered Level 10 of the Dungeon
  9980 | D:10     | Found a runed translucent door.
  9996 | D:10     | Noticed Arctor's ghost (novice DrTm)
 10062 | D:10     | Identified the +6 trident of Joteon {freeze, rN+ rCorr}
 10164 | D:10     | Reached skill level 15 in Ranged Weapons
 10312 | D:10     | Reached XP level 12. HP: 81/81 MP: 16/16
 10356 | D:10     | Reached skill level 5 in Earth Magic
 10379 | D:10     | Noticed a two-headed ogre
 10401 | D:10     | Reached skill level 5 in Ice Magic
 10471 | D:10     | Killed a two-headed ogre
 10648 | D:10     | Reached skill level 5 in Transmutations
 11372 | D:10     | Killed Arctor's ghost
 11486 | D:10     | Noticed a two-headed ogre
 11494 | D:10     | Killed a two-headed ogre
 11517 | D:11     | Reached **** piety under Hepliaklqana
 11602 | D:11     | Reached skill level 1 in Evocations
 11820 | D:11     | Acquired a +0 longbow of freezing
 12325 | D:11     | Found a staircase to the Lair.
 12590 | Lair:1   | Entered Level 1 of the Lair of Beasts
 12663 | Lair:1   | Reached skill level 1 in Invocations
 12663 | Lair:1   | Reached XP level 13. HP: 89/89 MP: 17/17
 13298 | Lair:2   | Reached skill level 5 in Invocations
 13327 | Lair:2   | Noticed a boulder beetle
 13351 | Lair:2   | Killed a boulder beetle
 13437 | Lair:2   | Noticed Amaemon
 13473 | Lair:2   | Killed Amaemon
 13553 | Lair:2   | Learned a level 2 spell: Wereblood
 13858 | Lair:2   | Found a staircase to the Shoals.
 14080 | Lair:3   | Reached skill level 16 in Ranged Weapons
 14193 | Lair:3   | Reached ***** piety under Hepliaklqana
 14286 | Lair:3   | Noticed a catoblepas
 14296 | Lair:3   | Killed a catoblepas
 14518 | Lair:3   | Found a hole to the Spider Nest.
 15812 | Lair:4   | Found a staircase to the Slime Pits.
 15833 | Lair:4   | Found a viscous altar of Jiyva.
 16129 | Lair:5   | Entered Level 5 of the Lair of Beasts
 16524 | Lair:5   | Reached XP level 14. HP: 95/95 MP: 21/21
 16555 | Lair:5   | Reached skill level 10 in Shields
 16973 | Orc:1    | Entered Level 1 of the Orcish Mines
 17096 | Orc:1    | Found a dark tunnel.
 17120 | Volcano  | Entered a volcano
 17196 | Volcano  | Reached skill level 17 in Ranged Weapons
 17207 | Volcano  | Reached skill level 5 in Evocations
 17702 | Orc:2    | Entered Level 2 of the Orcish Mines
 18626 | Lair:5   | Reached XP level 15. HP: 100/100 MP: 22/22
 18845 | Lair:5   | Reached ****** piety under Hepliaklqana
 19520 | Lair:5   | Found a corrupted altar of Lugonu.
 19520 | Lair:5   | Found a one-way gate to the infinite horrors of the Abyss.
 19948 | Orc:1    | Reached skill level 5 in Dodging
 21335 | Orc:2    | Noticed Azrael
 21340 | Orc:2    | Killed Azrael
 21604 | Orc:2    | Reached skill level 1 in Armour
 21649 | Orc:2    | Found Umydidefor's Book Emporium.
 21649 | Orc:2    | Found Sodufin's Distillery.
 21650 | Orc:2    | Found Beborgh's Antique Weapon Boutique.
 21650 | Orc:2    | Found Diewetu's Magic Scroll Emporium.
 21659 | Orc:2    | Bought a scroll of amnesia for 60 gold pieces
 21721 | Orc:2    | Found a staircase to the Elven Halls.
 22033 | Shoals:1 | Entered Level 1 of the Shoals
 22049 | Shoals:1 | Reached XP level 16. HP: 106/106 MP: 23/23
 22574 | Shoals:1 | Reached skill level 10 in Evocations
 22899 | Shoals:1 | Reached skill level 10 in Invocations
 23055 | Shoals:1 | Reached skill level 5 in Armour
 23063 | Shoals:1 | You fall into a shaft and drop 1 floor!
 24190 | Shoals:2 | Noticed a kraken
 24209 | Shoals:2 | Killed a kraken
 24703 | Shoals:3 | Reached XP level 17. HP: 111/111 MP: 24/24
 25025 | Shoals:3 | Reached skill level 5 in Stealth
 26034 | Orc:2    | Bought the +6 arbalest "Damnation" {damnation} for 2800
                  | gold pieces
 26034 | Orc:2    | Found the +6 arbalest "Damnation" {damnation}
 26258 | D:12     | Acquired the ring of Sloth {Fly rElec Str+3}
 26430 | D:12     | Identified the +5 long sword "Riluh" {vorpal, *Rage Str+2
                  | Int+3}
 26439 | D:12     | Found Zin's Purification Station.
 26443 | D:12     | Identified the +2 ring mail "Jehun" {rF++ rCorr Int-4
                  | Dex+4}
 26470 | D:12     | Found a glowing silver altar of Zin.
 27117 | D:13     | Reached skill level 18 in Ranged Weapons
 27322 | D:13     | Found a gate to the Vaults.
 27795 | D:14     | Reached skill level 10 in Fighting
 28939 | D:14     | Acquired 1237 gold pieces
 29520 | Shoals:4 | Entered Level 4 of the Shoals
 30374 | Shoals:4 | Reached XP level 18. HP: 102/121 MP: 21/25
 30381 | Shoals:4 | HP: 3/121 [merfolk aquamancer/shard of ice (41)]
 30381 | Shoals:4 | HP: 1/121 [merfolk/boomerang (2)]
 30381 | Shoals:4 | Killed from afar by a water nymph

Illustrated notes

Levels and vault maps discovered:
D:1:      doesnt_arrival_eight_statues, layout_basic, serial_rivers,
          chequers_serial_rivers_large_b, chequers_serial_rivers_room_a,
          chequers_serial_rivers_micro_c, chequers_serial_rivers_micro_a
D:2:      cheibrodos_fertilizer, layout_loops_ring,
          ebering_ecumenical_altar_hall, uniq_sigmund, uniq_terence
D:3:      layout_basic, lemuel_tele_altar, grunt_decor_resistance
D:4:      layout_cave_pods, nicolae_sif_muna_little_library, grunt_ministairs_2,
          uniq_natasha
D:5:      cheibrodos_two_vegetables, layout_loops_ring,
          minmay_temple_entry_nine_rooms, uniq_ijyb
D:6:      layout_basic, nicolae_shop_dragon_depot, uniq_menkaure
D:7:      layout_cave_pools
D:8:      layout_basic, mainiacjoe_overflow_boulevard, uniq_maurice
D:9:      layout_layer_cave, mainiacjoe_overflow_alcove_1, orc_0_dummy,
          skrybe_limestone_x
D:10:     layout_roguey [special_room_kobold], ebering_ghost_funeral_grove,
          grunt_ministairs_15, onia_ninara_cookie
D:11:     old_forge, layout_basic, erik_lair_dragon
D:12:     layout_rooms, zin_purify
D:13:     layout_irregular_city, david_vaults_4
D:14:     layout_stronghold
Temple:   nicolae_temple_no_exploring_needed
Lair:1:   layout_regular_city, chequers_serial_rivers_marsh, evilmike_ambush
          [evilmike_ambush_outer_basic, evilmike_ambush_inner_pond],
          infiniplex_staircase_pool
Lair:2:   layout_concentric_octagons, minmay_shoals_entry_beasts,
          infiniplex_staircase_pool_2, uniq_amaemon
Lair:3:   layout_regular_city, dummy_spider_entry, serial_bayou_shore_a,
          grunt_megastairs_5
Lair:4:   layout_long_grid, minmay_slime_entry_pillars, lemuel_fruit_fields
Lair:5:   hellmonk_lair_end_abyssal_woods, layout_hall_layers, minivault_23,
          st_stairs_3
Shoals:1: layout_shoals
Shoals:2: layout_shoals, nicolae_shoals_kraken_intersection
Shoals:3: layout_shoals, nicolae_shoals_nymph_descending_staircase
Shoals:4: shoals_end_simple, layout_shoals, serial_shops, nicolae_diamond_shop,
          nicolae_shop_unique_rings, nicolae_shoals_water_shrine, uniq_louise
Orc:1:    layout_caves, nicolae_volcano_entry_vermiform
Orc:2:    st_orc_ogre_mass, layout_caves, uniq_azrael

Skill      XL: |  1  2  3  4  5  6  7  8  9 10 11 12 13 14 15 16 17 |
---------------+----------------------------------------------------+-----
Dodging        | 2 3 6 8 9 |  9.7
Shields        | 1 2 3 4 5 6 8 9 12 14 | 14.4
Fighting       | 3 4 5 6 7 8 10 | 10.2
Ranged Weapons | 5 6 7 14 15 16 17 18 | 18.2
Spellcasting   | 1 2 |  2.9
Ice Magic      | 1 2 3 4 6 |  6.4
Earth Magic    | 2 4 5 8 |  8.9
Transmutations | 2 4 5 |  5.8
Evocations     | 3 6 9 10 | 10.0
Invocations    | 1 9 10 | 10.0
Armour         | 1 7 9 |  9.6
Stealth        | 2 6 |  6.6

Action                   |  1- 3 |  4- 6 |  7- 9 | 10-12 | 13-15 | 16-18 || total
-------------------------+-------+-------+-------+-------+-------+-------++-------
 Fire: Shortbow          |    50 |    74 |   371 |   719 |       |       ||  1214
       Longbow           |       |       |       |    77 |   409 |       ||   486
       Hand crossbow     |       |       |       |       |   304 |   469 ||   773
       Arbalest          |       |       |       |       |       |    44 ||    44
 Cast: Ozocubu's Armour  |       |       |       |     1 |     8 |     3 ||    12
       Wereblood         |       |       |       |       |    10 |     1 ||    11
Invok: Recall Ancestor   |       |       |       |     8 |    11 |     4 ||    23
       Ancestor Life: Kn |       |       |       |     1 |       |       ||     1
       Idealise          |       |       |       |       |     3 |     2 ||     5
 Abil: Dig               |       |       |       |     8 |     4 |     2 ||    14
  Use: Scroll            |       |     4 |    11 |     5 |     9 |     4 ||    33
       Potion            |       |       |     9 |     6 |     5 |     6 ||    26
Armor: Leather armour    |     2 |    11 |    27 |       |       |       ||    40
       Troll leather arm |       |       |    18 |    11 |       |       ||    29
       Steam dragon scal |       |       |       |     6 |    19 |     4 ||    29
       Skin              |       |       |       |       |    30 |     2 ||    32
       Ring mail         |       |       |       |       |       |    11 ||    11
Dodge: Dodged            |     7 |    10 |   127 |    80 |   163 |   125 ||   512
Block: Buckler           |     2 |     7 |    50 |    59 |    49 |       ||   167
       Orb               |       |       |       |       |       |     5 ||     5
       Reflection        |       |       |       |       |       |     1 ||     1
